 Dungeon Crawl Stone Soup version 0.25-a0-651-g8c222c7a2b (webtiles) character file.

Game seed: 226847115868282849, levelgen mode: deterministic

12 An17 the Chiller (level 2, 0/20 HPs)
             Began as a Demigod Ice Elementalist on Mar 22, 2020.
             Slain by a jackal (2 damage)
             ... on level 1 of the Dungeon.
             The game lasted 00:01:42 (170 turns).

An17 the Chiller (Demigod Ice Elementalist)          Turns: 170, Time: 00:01:43

Health: 0/20       AC:  2    Str: 11    XL:     2   Next: 9%
Magic:  0/7        EV: 12    Int: 19    God:
Gold:   0          SH:  0    Dex: 16    Spells: 3/4 levels left

rFire    . . .     SeeInvis .   (no weapon)
rCold    . . .     Gourm    .   (no shield)
rNeg     . . .     Faith    .   a - +0 robe
rPois    .         Spirit   .   (no helmet)
rElec    .         Reflect  .   (no cloak)
rCorr    .         Harm     .   (no gloves)
MR       .....                  (no boots)
Stlth    ++........             (no amulet)
HPRegen  0.06/turn              (no ring)
MPRegen  0.10/turn              (no ring)

@: very slightly contaminated
A: high mp 1
a: no special abilities


You were on level 1 of the Dungeon.
You were not hungry.

You visited 1 branch of the dungeon, and saw 1 of its levels.

Inventory:

Missiles
 e - a throwing net (quivered)
Armour
 a - a +0 robe (worn)
Potions
 b - 2 potions of curing {unknown}
 d - a potion of mutation {unknown}
Comestibles
 c - 2 rations


   Skills:
 + Level 1.8 Dodging
 - Level 1.8 Stealth
 + Level 1.9 Spellcasting
 + Level 4.0 Ice Magic


You had 3 spell levels left.
You knew the following spells:

 Your Spells              Type           Power        Failure   Level  Hunger
a - Freeze                Ice            ###.         3%          1    #......

Your spell library contained the following spells:

 Spells                   Type           Power        Failure   Level  Hunger
 Frozen Ramparts          Ice            ###...       10%         3    ###....
 Ozocubu's Armour         Chrm/Ice       #.......     22%         3    ###....
 Hailstorm                Conj/Ice       #.......     58%         4    #####..
 Summon Ice Beast         Ice/Summ       #.......     58%         4    #####..


Dungeon Overview and Level Annotations

Branches:
Dungeon (1/15)


Innate Abilities, Weirdness & Mutations

You have an increased reservoir of magic. (+10% MP)


Message History

Press: ? - help, Shift-Dir - straight line, f/p - jackal
Aim: a jackal You freeze the jackal.
The jackal is moderately wounded.
The jackal closely misses you. The jackal barely misses you.
You closely miss the jackal.
The jackal is moderately wounded.
The jackal closely misses you.
Casting: Freeze (safe; 3% risk of failure)
Confirm with . or Enter, or press ? or * to list all spells.
Aiming: Freeze (safe; 3% risk of failure)
Press: ? - help, Shift-Dir - straight line, f/p - jackal
Aim: a jackal (moderately wounded)
You freeze the jackal.
You kill the jackal!
The jackal bites you.
* * * LOW HITPOINT WARNING * * *
The jackal bites you.
You die...

#...†..........#
#.#######...##.#
#.# #>.h.... #)#
##.###.# #.# .#
..
#†########.###..%
#.##............
#h##.##........#
#@##.#.(........
#.##.#.).......#
#.##.#.#######.#
#.##.#.# #
#......# #.##.###
#.##.########
#.##.........
#.##.########


You could see a jackal.

Vanquished Creatures
  2 hobgoblins (D:1)
  5 jackals (D:1)
  A kobold (D:1)
  A frilled lizard (D:1)
  A rat (D:1)
10 creatures vanquished.

Notes
Turn   | Place    | Note
-------+----------+-------------------------------------------
     0 | D:1      | An17 the Demigod Ice Elementalist began the quest for the
                  | Orb.
     0 | D:1      | Reached XP level 1. HP: 14/14 MP: 5/5
   112 | D:1      | Reached skill level 4 in Ice Magic
   140 | D:1      | Reached XP level 2. HP: 5/20 MP: 0/7
   168 | D:1      | HP: 1/20 [jackal (2)]
   170 | D:1      | Slain by a jackal

Levels and vault maps discovered:
D:1:      lightli_arrival_quake, layout_basic

Skill      XL: |  1 |
---------------+----+-----
Ice Magic      | 4 |  4.0
Dodging        | |  1.8
Stealth        | |  1.8
Spellcasting   | |  1.9

Action                   || total
-------------------------++-------
Melee: Unarmed           ||    10
 Cast: Freeze            ||    16
Armor: Robe              ||     3
Dodge: Dodged            ||    15

Table legend:
 A = Non-vault XP
 B = Vault XP
 C = Vault XP percentage of total XP
 D = Non-vault monster count
 E = Vault monster count
 F = Vault count percentage of total count
                 A         B        C        D         E       F
            +---------+---------+-------+---------+---------+-------
      Total |      18 |       0 |   0.0 |      10 |       0 |   0.0
            +---------+---------+-------+---------+---------+-------
        D:1 |      18 |       0 |   0.0 |      10 |       0 |   0.0
            +---------+---------+-------+---------+---------+-------
